[ AOE2 MATCH · #464792736 ]
UnrankedItalians vs Spanish
[ REPLAY ANALYSIS · EXTRACTED FROM THE RECORDED GAME ]
Feudal
14:14
Castle
19:15
Imperial
45:53
| APM avg | 32.1 |
| APM peak | 91 |
| eAPM avg | 14.4 |
| Villagers / military | 130 / 178 |
Focus
⚔️ 32.7% · 🌾 67.3%
Genoese Crossbowman ×174 · Fishing Ship ×70 · Trebuchet (Packed) ×4
Feudal
14:03
Castle
17:55
Imperial
37:30
| APM avg | 31.3 |
| APM peak | 93 |
| eAPM avg | 15.4 |
| Villagers / military | 104 / 146 |
Focus
⚔️ 32.7% · 🌾 67.3%
Knight ×123 · Conquistador ×18 · Fishing Ship ×11 · Fire Galley ×4 · Unknown (2626) ×3 · Demolition Raft ×1
Feudal
11:26
Castle
19:29
Imperial
44:05
| APM avg | 49.4 |
| APM peak | 94 |
| eAPM avg | 28.6 |
| Villagers / military | 189 / 116 |
Focus
⚔️ 45.0% · 🌾 55.0%
Skirmisher ×32 · Scout Cavalry ×29 · Camel Scout ×28 · Fishing Ship ×27 · Hand Cannoneer ×20 · Unknown (2626) ×15
Feudal
13:46
Castle
22:09
Imperial
—
| APM avg | 26.8 |
| APM peak | 55 |
| eAPM avg | 13.1 |
| Villagers / military | 171 / 45 |
Focus
⚔️ 16.2% · 🌾 83.8%
Spearman ×16 · Cavalry Archer ×10 · Samurai ×9 · Fishing Ship ×7 · Battering Ram ×4 · Scorpion ×3
Feudal
14:45
Castle
19:15
Imperial
39:16
| APM avg | 32.2 |
| APM peak | 83 |
| eAPM avg | 18.6 |
| Villagers / military | 160 / 224 |
Focus
⚔️ 31.2% · 🌾 68.8%
Shotel Warrior ×173 · Skirmisher ×25 · Spearman ×13 · Fishing Ship ×13 · Archer ×8 · Militia ×5
Feudal
13:28
Castle
17:32
Imperial
—
| APM avg | 10.0 |
| APM peak | 35 |
| eAPM avg | 5.9 |
| Villagers / military | 47 / 2 |
Focus
⚔️ 27.1% · 🌾 72.9%
Fishing Ship ×3 · Tarkan ×2
Match map
Initial resources + every placement click. Lines = walls · curves = elevation contours. ◆ gold · ⬟ stone · ● berries · ✦ relic · ◌ wall gap
Your base· Open — 12t gap
无助小羊's base· Open — 9t gap
Rhetta Invicta's base· Open — 6t gap
mbxmm's base· Open — unwalled flank
King of Bants's base· Open — 9t gap
Cedax's base· Open — 5t gap
Smoothed initial terrain · ◌ = detected wall gap · hover for details
Inputs per minute
— Chaboi - - 无助小羊
Build order — Chaboi
First 150 of 271 actions detected
| 0:57 | Build | Town Center |
| 1:44 | Build | Dock |
| 2:58 | Build | House |
| 3:26 | Create | Villager (Male) |
| 3:26 | Create | Villager (Male) |
| 3:26 | Create | Villager (Male) |
| 3:26 | Create | Villager (Male) |
| 3:27 | Create | Villager (Male) |
| 4:26 | Create | Villager (Male) |
| 4:26 | Create | Villager (Male) |
| 5:09 | Build | House |
| 5:14 | Create | Villager (Male) |
| 5:14 | Create | Villager (Male) |
| 5:15 | Create | Villager (Male) |
| 5:47 | Build | House |
| 5:57 | Create | Villager (Male) |
| 5:57 | Create | Villager (Male) |
| 6:30 | Create | Villager (Male) |
| 6:30 | Create | Villager (Male) |
| 6:49 | Create | Villager (Male) |
| 6:49 | Create | Villager (Male) |
| 6:53 | Create | Fishing Ship |
| 6:54 | Create | Fishing Ship |
| 7:36 | Research | Loom |
| 7:37 | Create | Villager (Male) |
| 7:37 | Create | Villager (Male) |
| 7:37 | Create | Villager (Male) |
| 7:39 | Create | Fishing Ship |
| 7:40 | Create | Fishing Ship |
| 7:43 | Build | House |
| 8:15 | Create | Villager (Male) |
| 8:31 | Build | House |
| 8:32 | Build | Palisade Wall |
| 8:34 | Create | Fishing Ship |
| 8:38 | Create | Villager (Male) |
| 9:17 | Create | Villager (Male) |
| 9:27 | Create | Fishing Ship |
| 9:28 | Create | Fishing Ship |
| 9:43 | Create | Villager (Male) |
| 9:56 | Create | Fishing Ship |
| 10:12 | Create | Villager (Male) |
| 10:15 | Build | Lumber Camp |
| 10:27 | Build | House |
| 10:43 | Build | Palisade Wall |
| 10:55 | Create | Fishing Ship |
| 11:06 | Create | Villager (Male) |
| 11:20 | Build | Outpost |
| 12:04 | Research | Feudal Age |
| 12:10 | Build | Mill |
| 12:46 | Build | Mining Camp |
| 13:44 | Create | Villager (Male) |
| 13:44 | Create | Villager (Male) |
| 13:44 | Create | Villager (Male) |
| 14:14 | Age | Feudal Age |
| 14:19 | Build | Watch Tower |
| 14:29 | Build | Mining Camp |
| 14:41 | Build | Blacksmith |
| 14:46 | Build | House |
| 14:54 | Create | Villager (Male) |
| 15:55 | Build | Market |
| 15:57 | Create | Villager (Male) |
| 15:58 | Create | Villager (Male) |
| 16:17 | Build | House |
| 16:35 | Research | Castle Age |
| 16:35 | Research | Castle Age |
| 17:46 | Build | Palisade Gate |
| 18:08 | Build | Palisade Wall |
| 19:15 | Age | Castle Age |
| 19:28 | Build | Castle |
| 20:30 | Create | Villager (Male) |
| 20:30 | Create | Villager (Male) |
| 20:30 | Create | Villager (Male) |
| 20:32 | Create | Genoese Crossbowman ×5 |
| 20:32 | Create | Genoese Crossbowman ×5 |
| 20:33 | Create | Genoese Crossbowman ×2 |
| 20:41 | Research | Fletching |
| 20:41 | Research | Fletching |
| 20:57 | Create | Genoese Crossbowman ×3 |
| 21:11 | Create | Genoese Crossbowman |
| 21:11 | Create | Genoese Crossbowman |
| 21:14 | Create | Villager (Male) |
| 21:14 | Create | Villager (Male) |
| 21:47 | Create | Genoese Crossbowman |
| 21:47 | Create | Genoese Crossbowman |
| 22:45 | Create | Villager (Male) |
| 22:45 | Create | Villager (Male) |
| 22:49 | Create | Genoese Crossbowman ×3 |
| 22:50 | Create | Genoese Crossbowman ×3 |
| 23:18 | Create | Villager (Male) |
| 23:32 | Create | Genoese Crossbowman ×3 |
| 23:54 | Create | Genoese Crossbowman |
| 24:20 | Create | Villager (Male) |
| 24:20 | Create | Villager (Male) |
| 25:02 | Create | Villager (Male) |
| 25:22 | Create | Genoese Crossbowman ×4 |
| 25:22 | Create | Genoese Crossbowman ×4 |
| 25:23 | Create | Villager (Male) |
| 25:23 | Create | Villager (Male) |
| 25:43 | Create | Genoese Crossbowman ×2 |
| 25:43 | Create | Genoese Crossbowman ×2 |
| 25:56 | Research | Bodkin Arrow |
| 25:56 | Research | Bodkin Arrow |
| 26:17 | Research | Padded Archer Armor |
| 26:47 | Create | Villager (Male) |
| 26:48 | Create | Villager (Male) |
| 26:53 | Create | Villager (Male) |
| 26:55 | Create | Genoese Crossbowman ×5 |
| 26:55 | Create | Genoese Crossbowman ×5 |
| 26:55 | Create | Genoese Crossbowman ×2 |
| 26:56 | Create | Genoese Crossbowman ×2 |
| 27:16 | Build | University |
| 28:00 | Create | Genoese Crossbowman |
| 28:00 | Create | Genoese Crossbowman |
| 28:01 | Create | Genoese Crossbowman |
| 29:33 | Build | Lumber Camp |
| 29:59 | Build | Castle |
| 30:28 | Create | Villager (Male) |
| 30:28 | Create | Villager (Male) |
| 30:29 | Create | Villager (Male) |
| 31:16 | Build | Lumber Camp |
| 31:35 | Build | Stone Wall |
| 31:47 | Create | Genoese Crossbowman |
| 31:47 | Create | Genoese Crossbowman |
| 32:10 | Create | Villager (Male) |
| 32:10 | Create | Villager (Male) |
| 32:11 | Create | Villager (Male) |
| 32:11 | Create | Villager (Male) |
| 32:55 | Create | Fishing Ship ×5 |
| 32:55 | Create | Fishing Ship ×5 |
| 33:07 | Create | Villager (Male) |
| 33:07 | Create | Villager (Male) |
| 33:48 | Create | Villager (Male) |
| 33:48 | Create | Villager (Male) |
| 34:05 | Build | Dock |
| 34:18 | Create | Villager (Male) |
| 34:18 | Create | Villager (Male) |
| 34:29 | Create | Villager (Male) |
| 34:29 | Create | Villager (Male) |
| 34:37 | Research | Tech 906 |
| 34:39 | Create | Fishing Ship |
| 34:40 | Create | Fishing Ship |
| 34:40 | Create | Fishing Ship |
| 34:58 | Build | Outpost |
| 35:02 | Create | Villager (Male) |
| 35:08 | Create | Fishing Ship ×5 |
| 35:08 | Create | Fishing Ship ×5 |
| 35:08 | Create | Fishing Ship ×5 |
| 35:09 | Create | Fishing Ship |
| 35:11 | Build | House |
| 35:26 | Research | Ballistics |
Build order — 无助小羊
First 150 of 305 actions detected
| 0:40 | Build | Town Center |
| 1:18 | Build | House |
| 1:21 | Build | Dock |
| 2:48 | Create | Villager (Male) |
| 2:49 | Create | Villager (Male) |
| 2:49 | Create | Villager (Male) |
| 2:49 | Create | Villager (Male) |
| 3:53 | Create | Fishing Ship |
| 3:54 | Create | Fishing Ship |
| 4:10 | Create | Villager (Male) |
| 4:17 | Build | House |
| 4:45 | Research | Loom |
| 5:08 | Create | Fishing Ship |
| 5:08 | Create | Fishing Ship |
| 5:32 | Create | Villager (Male) |
| 5:54 | Create | Villager (Male) |
| 6:22 | Create | Villager (Male) |
| 6:22 | Create | Villager (Male) |
| 6:24 | Create | Fishing Ship |
| 6:28 | Build | House |
| 6:50 | Create | Villager (Male) |
| 6:58 | Build | House |
| 7:14 | Create | Villager (Male) |
| 7:15 | Create | Villager (Male) |
| 7:42 | Create | Villager (Male) |
| 7:42 | Create | Villager (Male) |
| 7:44 | Create | Fishing Ship |
| 8:03 | Create | Villager (Male) |
| 8:07 | Create | Fishing Ship |
| 8:25 | Create | Villager (Male) |
| 8:29 | Build | House |
| 8:45 | Create | Villager (Male) |
| 8:46 | Create | Villager (Male) |
| 8:51 | Create | Fishing Ship |
| 9:21 | Build | Lumber Camp |
| 9:52 | Create | Villager (Male) |
| 9:59 | Create | Fishing Ship |
| 10:22 | Create | Villager (Male) |
| 10:52 | Create | Villager (Male) |
| 10:56 | Build | Mill |
| 11:25 | Create | Villager (Male) |
| 11:29 | Build | House |
| 11:37 | Build | Mining Camp |
| 11:53 | Research | Feudal Age |
| 11:53 | Research | Feudal Age |
| 13:00 | Create | Fishing Ship |
| 13:36 | Create | Villager (Male) |
| 13:37 | Create | Villager (Male) |
| 13:50 | Build | Mining Camp |
| 14:03 | Age | Feudal Age |
| 14:09 | Build | Market |
| 14:12 | Build | Blacksmith |
| 14:19 | Build | House |
| 15:15 | Research | Castle Age |
| 16:01 | Research | Stone Mining |
| 16:01 | Research | Stone Mining |
| 16:11 | Build | Dock |
| 16:27 | Research | Double-Bit Axe |
| 16:27 | Research | Double-Bit Axe |
| 17:04 | Create | Fishing Ship |
| 17:55 | Age | Castle Age |
| 18:04 | Build | Castle |
| 18:07 | Create | Villager (Male) |
| 18:07 | Create | Villager (Male) |
| 18:16 | Build | Palisade Wall |
| 18:18 | Build | Palisade Wall |
| 18:20 | Build | Palisade Gate |
| 18:34 | Create | Villager (Male) |
| 19:13 | Create | Villager (Male) |
| 19:14 | Create | Villager (Male) |
| 19:14 | Create | Villager (Male) |
| 19:48 | Create | Conquistador |
| 19:48 | Create | Conquistador |
| 19:49 | Create | Conquistador |
| 19:49 | Create | Conquistador |
| 20:01 | Create | Villager (Male) |
| 20:42 | Build | Palisade Wall |
| 20:44 | Build | Palisade Wall |
| 21:31 | Build | Mill |
| 21:37 | Create | Conquistador |
| 21:39 | Create | Villager (Male) |
| 21:40 | Create | Villager (Male) |
| 21:40 | Create | Villager (Male) |
| 21:46 | Build | Castle |
| 22:23 | Create | Villager (Male) |
| 22:39 | Research | Padded Archer Armor |
| 22:40 | Create | Conquistador |
| 22:40 | Create | Conquistador |
| 22:40 | Create | Conquistador |
| 23:26 | Create | Villager (Male) |
| 23:29 | Research | Leather Archer Armor |
| 23:50 | Create | Villager (Male) |
| 23:57 | Build | Town Center |
| 24:35 | Research | Bow Saw |
| 24:46 | Create | Conquistador |
| 24:46 | Create | Conquistador |
| 24:46 | Create | Conquistador |
| 25:26 | Create | Villager (Male) |
| 25:26 | Create | Villager (Male) |
| 25:27 | Create | Villager (Male) |
| 26:02 | Create | Unit 2626 |
| 26:03 | Create | Unit 2626 |
| 26:31 | Research | Wheelbarrow |
| 26:32 | Create | Villager (Male) |
| 26:32 | Create | Villager (Male) |
| 26:33 | Create | Villager (Male) |
| 26:46 | Build | Barracks |
| 26:55 | Create | Conquistador |
| 27:23 | Build | Stable |
| 28:09 | Research | Husbandry |
| 28:11 | Build | Farm |
| 28:12 | Build | Farm |
| 28:28 | Build | Farm |
| 28:29 | Build | Farm |
| 28:32 | Build | Farm |
| 28:33 | Create | Villager (Male) |
| 28:37 | Create | Conquistador |
| 28:38 | Create | Conquistador |
| 28:39 | Create | Conquistador |
| 28:39 | Create | Conquistador |
| 28:39 | Create | Conquistador |
| 28:51 | Build | Castle |
| 29:48 | Create | Demolition Raft |
| 29:57 | Build | Farm |
| 29:58 | Build | Farm |
| 29:59 | Build | Farm |
| 30:00 | Build | Farm |
| 30:02 | Build | Farm |
| 30:03 | Build | Farm |
| 30:04 | Create | Villager (Male) |
| 30:05 | Create | Villager (Male) |
| 30:05 | Create | Villager (Male) |
| 30:07 | Create | Villager (Male) |
| 30:07 | Create | Villager (Male) |
| 30:07 | Create | Villager (Male) |
| 30:34 | Build | Town Center |
| 31:11 | Create | Villager (Male) |
| 31:16 | Create | Villager (Male) |
| 31:17 | Create | Villager (Male) |
| 31:18 | Create | Villager (Male) |
| 31:18 | Create | Villager (Male) |
| 31:19 | Create | Villager (Male) |
| 31:19 | Create | Villager (Male) |
| 31:24 | Build | Lumber Camp |
| 31:54 | Create | Fire Galley |
| 32:01 | Build | Farm |
| 32:14 | Create | Villager (Male) |
| 32:15 | Create | Villager (Male) |
| 32:38 | Build | Farm |
| 32:47 | Create | Villager (Male) |
Build order — Rhetta Invicta
First 150 of 513 actions detected
| 0:25 | Build | Town Center |
| 2:01 | Build | Dock |
| 2:03 | Build | House |
| 2:36 | Create | Villager (Male) |
| 2:37 | Create | Villager (Male) |
| 2:37 | Create | Villager (Male) |
| 2:37 | Create | Villager (Male) |
| 2:37 | Create | Villager (Male) |
| 3:13 | Create | Fishing Ship |
| 4:18 | Build | House |
| 4:24 | Create | Villager (Male) |
| 4:48 | Create | Villager (Male) |
| 5:06 | Create | Villager (Male) |
| 5:20 | Research | Loom |
| 5:25 | Create | Villager (Male) |
| 5:26 | Create | Villager (Male) |
| 5:52 | Create | Villager (Male) |
| 5:56 | Create | Fishing Ship |
| 6:24 | Build | House |
| 6:43 | Build | House |
| 6:46 | Create | Villager (Male) |
| 7:20 | Create | Villager (Male) |
| 7:26 | Create | Fishing Ship |
| 7:47 | Create | Villager (Male) |
| 8:09 | Build | Lumber Camp |
| 8:10 | Create | Villager (Male) |
| 8:34 | Create | Villager (Male) |
| 8:53 | Create | Fishing Ship |
| 9:22 | Research | Feudal Age |
| 9:42 | Build | Mining Camp |
| 9:47 | Build | Outpost |
| 10:43 | Create | Fishing Ship |
| 10:50 | Build | Dock |
| 10:52 | Build | House |
| 11:01 | Create | Villager (Male) |
| 11:04 | Build | Outpost |
| 11:26 | Age | Feudal Age |
| 11:28 | Create | Unit 2626 |
| 11:28 | Create | Unit 2626 |
| 11:34 | Create | Unit 2626 |
| 11:47 | Build | House |
| 11:50 | Create | Villager (Male) |
| 11:52 | Build | House |
| 11:57 | Create | Unit 2626 |
| 12:17 | Create | Villager (Male) |
| 12:19 | Create | Villager (Male) |
| 12:26 | Create | Villager (Male) |
| 12:40 | Create | Unit 2626 |
| 12:41 | Create | Unit 2626 |
| 12:46 | Create | Unit 2626 |
| 12:52 | Research | Town Watch |
| 12:59 | Create | Villager (Male) |
| 13:26 | Create | Villager (Male) |
| 13:28 | Create | Villager (Male) |
| 13:38 | Build | Mill |
| 14:00 | Create | Unit 2626 |
| 14:08 | Create | Fire Galley |
| 14:14 | Create | Unit 2626 |
| 14:15 | Create | Villager (Male) |
| 14:32 | Create | Villager (Male) |
| 14:36 | Create | Villager (Male) |
| 14:43 | Create | Villager (Male) |
| 14:48 | Build | Blacksmith |
| 15:06 | Create | Villager (Male) |
| 15:11 | Build | House |
| 15:11 | Build | House |
| 15:30 | Create | Villager (Male) |
| 15:36 | Build | House |
| 15:37 | Create | Villager (Male) |
| 15:39 | Build | House |
| 16:02 | Create | Villager (Male) |
| 16:11 | Build | Market |
| 16:12 | Create | Villager (Male) |
| 16:38 | Build | Palisade Wall |
| 16:42 | Build | Palisade Wall |
| 17:03 | Research | Castle Age |
| 17:14 | Build | Barracks |
| 17:20 | Create | Unit 2626 |
| 17:20 | Create | Unit 2626 |
| 17:46 | Build | House |
| 17:55 | Create | Villager (Male) |
| 17:55 | Create | Villager (Male) |
| 18:00 | Build | Stone Wall |
| 18:04 | Build | Stone Wall |
| 18:07 | Build | Stone Wall |
| 18:29 | Build | Watch Tower |
| 18:40 | Build | Palisade Wall |
| 18:54 | Build | House |
| 19:03 | Create | Villager (Male) |
| 19:03 | Create | Villager (Male) |
| 19:11 | Build | House |
| 19:29 | Age | Castle Age |
| 19:50 | Create | Villager (Male) |
| 19:50 | Create | Villager (Male) |
| 20:15 | Build | Town Center |
| 21:23 | Create | Villager (Male) |
| 21:24 | Create | Villager (Male) |
| 21:24 | Create | Villager (Male) |
| 21:24 | Create | Villager (Male) |
| 21:34 | Create | Villager (Male) |
| 21:38 | Build | Palisade Wall |
| 21:46 | Create | Villager (Male) |
| 21:47 | Create | Villager (Male) |
| 22:11 | Create | Transport Ship |
| 22:11 | Create | Transport Ship |
| 22:47 | Research | War Galley (upgrade) |
| 23:06 | Create | Villager (Male) |
| 23:06 | Create | Villager (Male) |
| 23:13 | Research | War Galley (upgrade) |
| 23:50 | Create | Transport Ship |
| 24:03 | Create | Villager (Male) |
| 24:03 | Create | Villager (Male) |
| 24:05 | Create | Villager (Male) |
| 24:05 | Create | Villager (Male) |
| 24:05 | Create | Villager (Male) |
| 24:35 | Create | Villager (Male) |
| 25:34 | Create | Villager (Male) |
| 25:46 | Create | Villager (Male) |
| 26:10 | Create | Villager (Male) |
| 26:10 | Create | Villager (Male) |
| 26:34 | Create | Villager (Male) |
| 26:34 | Create | Villager (Male) |
| 27:35 | Build | Town Center |
| 28:28 | Create | Villager (Male) |
| 28:28 | Create | Villager (Male) |
| 28:30 | Build | Town Center |
| 29:05 | Create | Villager (Male) |
| 29:05 | Create | Villager (Male) |
| 29:38 | Create | Villager (Male) |
| 29:39 | Create | Villager (Male) |
| 29:40 | Create | Villager (Male) |
| 29:40 | Create | Villager (Male) |
| 29:40 | Create | Villager (Male) |
| 29:42 | Create | Villager (Male) |
| 29:42 | Create | Villager (Male) |
| 29:44 | Research | Horse Collar |
| 29:46 | Research | Double-Bit Axe |
| 29:50 | Create | Fishing Ship |
| 29:50 | Create | Fishing Ship |
| 30:03 | Create | Villager (Male) |
| 30:14 | Research | Wheelbarrow |
| 30:18 | Research | Bow Saw |
| 30:21 | Create | Fishing Ship |
| 30:21 | Create | Fishing Ship |
| 30:25 | Create | Villager (Male) |
| 30:30 | Build | Farm |
| 30:34 | Build | Farm |
| 30:35 | Build | Farm |
| 31:17 | Create | Villager (Male) |
| 31:20 | Create | Villager (Male) |
Build order — mbxmm
First 150 of 359 actions detected
| 0:20 | Build | Town Center |
| 2:34 | Build | House |
| 2:38 | Create | Villager (Male) |
| 2:38 | Create | Villager (Male) |
| 2:38 | Create | Villager (Male) |
| 2:39 | Create | Villager (Male) |
| 2:55 | Build | Dock |
| 4:18 | Create | Villager (Male) |
| 4:18 | Create | Villager (Male) |
| 4:42 | Create | Villager (Male) |
| 4:47 | Build | House |
| 5:08 | Create | Villager (Male) |
| 5:09 | Create | Fishing Ship |
| 5:09 | Create | Fishing Ship |
| 5:21 | Build | House |
| 5:36 | Research | Loom |
| 5:37 | Research | Loom |
| 5:42 | Create | Villager (Male) |
| 6:08 | Build | Palisade Wall |
| 6:19 | Create | Villager (Male) |
| 6:19 | Create | Villager (Male) |
| 6:35 | Create | Fishing Ship |
| 6:47 | Create | Villager (Male) |
| 6:47 | Create | Villager (Male) |
| 7:17 | Create | Villager (Male) |
| 7:53 | Create | Fishing Ship |
| 7:59 | Create | Villager (Male) |
| 8:13 | Build | House |
| 8:38 | Create | Villager (Male) |
| 8:38 | Create | Villager (Male) |
| 8:41 | Build | House |
| 8:44 | Build | Palisade Wall |
| 8:54 | Create | Fishing Ship |
| 8:54 | Create | Fishing Ship |
| 9:17 | Create | Villager (Male) |
| 9:17 | Create | Villager (Male) |
| 9:20 | Build | House |
| 10:00 | Create | Fishing Ship |
| 10:06 | Create | Villager (Male) |
| 10:07 | Create | Villager (Male) |
| 10:13 | Build | Mining Camp |
| 10:30 | Create | Villager (Male) |
| 11:02 | Build | House |
| 11:04 | Build | Palisade Wall |
| 11:11 | Create | Villager (Male) |
| 11:33 | Research | Feudal Age |
| 11:33 | Research | Feudal Age |
| 12:46 | Build | Mill |
| 13:09 | Build | Barracks |
| 13:46 | Age | Feudal Age |
| 13:56 | Create | Galley |
| 14:18 | Build | House |
| 14:19 | Create | Villager (Male) |
| 14:19 | Create | Villager (Male) |
| 14:19 | Create | Villager (Male) |
| 15:12 | Create | Villager (Male) |
| 15:18 | Build | Lumber Camp |
| 15:23 | Build | Archery Range |
| 15:40 | Create | Villager (Male) |
| 15:40 | Create | Villager (Male) |
| 15:51 | Create | Villager (Male) |
| 15:52 | Create | Villager (Male) |
| 16:58 | Build | House |
| 17:17 | Build | Blacksmith |
| 17:32 | Create | Villager (Male) |
| 18:09 | Build | House |
| 18:20 | Create | Villager (Male) |
| 18:37 | Build | House |
| 19:11 | Build | Market |
| 19:29 | Research | Castle Age |
| 19:38 | Build | Stone Wall |
| 19:57 | Build | Mining Camp |
| 21:05 | Build | Archery Range |
| 21:09 | Research | Double-Bit Axe |
| 22:09 | Age | Castle Age |
| 22:12 | Create | Cavalry Archer |
| 22:13 | Create | Cavalry Archer |
| 22:13 | Create | Cavalry Archer |
| 22:14 | Create | Cavalry Archer |
| 22:15 | Research | Fletching |
| 22:15 | Research | Fletching |
| 22:20 | Build | Town Center |
| 22:22 | Create | Villager (Male) |
| 22:23 | Create | Villager (Male) |
| 22:23 | Create | Villager (Male) |
| 22:44 | Create | Cavalry Archer |
| 22:44 | Create | Cavalry Archer |
| 23:18 | Create | Cavalry Archer |
| 23:19 | Create | Cavalry Archer |
| 23:41 | Create | Cavalry Archer |
| 23:42 | Create | Cavalry Archer |
| 23:52 | Research | Bodkin Arrow |
| 24:10 | Create | Villager (Male) |
| 24:10 | Create | Villager (Male) |
| 24:50 | Create | Villager (Male) |
| 24:50 | Create | Villager (Male) |
| 25:53 | Create | Villager (Male) |
| 25:53 | Create | Villager (Male) |
| 25:53 | Create | Villager (Male) |
| 26:00 | Build | Town Center |
| 26:25 | Build | Lumber Camp |
| 26:57 | Create | Villager (Male) |
| 27:08 | Build | Farm |
| 27:23 | Build | Mill |
| 27:50 | Build | Farm |
| 28:27 | Create | Villager (Male) |
| 28:29 | Build | Farm |
| 28:31 | Create | Villager (Male) |
| 28:32 | Create | Villager (Male) |
| 28:35 | Build | Farm |
| 28:36 | Build | Farm |
| 29:13 | Create | Villager (Male) |
| 29:17 | Build | Farm |
| 29:20 | Build | Farm |
| 29:22 | Create | Villager (Male) |
| 29:48 | Create | Villager (Male) |
| 29:59 | Create | Villager (Male) |
| 29:59 | Create | Villager (Male) |
| 30:30 | Build | Town Center |
| 30:42 | Create | Villager (Male) |
| 30:44 | Build | Farm |
| 31:09 | Create | Villager (Male) |
| 31:09 | Create | Villager (Male) |
| 31:12 | Build | Farm |
| 31:23 | Create | Villager (Male) |
| 31:28 | Research | Town Watch |
| 32:33 | Create | Villager (Male) |
| 32:34 | Create | Villager (Male) |
| 32:48 | Build | Town Center |
| 32:55 | Create | Villager (Male) |
| 33:15 | Create | Villager (Male) |
| 33:21 | Create | Villager (Male) |
| 33:23 | Create | Villager (Male) |
| 33:25 | Build | Farm |
| 33:39 | Create | Villager (Male) |
| 33:51 | Create | Villager (Male) |
| 34:04 | Create | Villager (Male) |
| 34:04 | Create | Villager (Male) |
| 34:12 | Build | Lumber Camp |
| 34:32 | Create | Villager (Male) |
| 34:32 | Create | Villager (Male) |
| 34:39 | Create | Villager (Male) |
| 34:47 | Build | House |
| 34:50 | Create | Villager (Male) |
| 34:50 | Create | Villager (Male) |
| 34:53 | Build | Farm |
| 34:53 | Build | Farm |
| 34:55 | Build | Farm |
| 34:58 | Build | Farm |
| 34:59 | Build | Farm |
Build order — King of Bants
First 150 of 410 actions detected
| 0:37 | Build | Town Center |
| 1:28 | Build | Dock |
| 1:31 | Build | House |
| 2:49 | Create | Villager (Male) ×4 |
| 2:49 | Create | Villager (Male) ×4 |
| 4:29 | Research | Loom |
| 4:41 | Create | Fishing Ship |
| 4:41 | Create | Fishing Ship |
| 4:42 | Create | Villager (Male) |
| 5:07 | Build | House |
| 5:21 | Create | Villager (Male) |
| 5:21 | Create | Villager (Male) |
| 5:42 | Create | Villager (Male) |
| 5:42 | Create | Villager (Male) |
| 5:59 | Create | Villager (Male) |
| 5:59 | Create | Villager (Male) |
| 6:16 | Create | Villager (Male) |
| 6:16 | Create | Villager (Male) |
| 6:40 | Create | Villager (Male) |
| 6:40 | Create | Villager (Male) |
| 6:46 | Build | House |
| 7:10 | Create | Villager (Male) |
| 7:10 | Create | Villager (Male) |
| 7:30 | Create | Villager (Male) |
| 7:31 | Create | Villager (Male) |
| 7:36 | Build | Palisade Wall |
| 7:42 | Create | Fishing Ship |
| 7:42 | Create | Fishing Ship |
| 7:43 | Create | Villager (Male) |
| 7:47 | Build | House |
| 8:09 | Build | House |
| 8:12 | Create | Villager (Male) |
| 8:13 | Create | Villager (Male) |
| 8:25 | Create | Fishing Ship |
| 8:25 | Create | Fishing Ship |
| 9:02 | Create | Villager (Male) |
| 9:02 | Create | Villager (Male) |
| 9:08 | Create | Villager (Male) |
| 9:19 | Create | Fishing Ship |
| 9:19 | Create | Fishing Ship |
| 9:20 | Create | Fishing Ship |
| 9:38 | Create | Villager (Male) |
| 9:46 | Build | Lumber Camp |
| 10:04 | Build | House |
| 10:28 | Create | Villager (Male) |
| 10:45 | Create | Villager (Male) |
| 11:09 | Build | Mill |
| 11:16 | Build | Palisade Wall |
| 11:17 | Build | Palisade Wall |
| 11:22 | Build | Palisade Wall |
| 11:25 | Create | Villager (Male) |
| 11:47 | Build | Dock |
| 11:50 | Create | Fishing Ship |
| 11:57 | Build | Barracks |
| 12:01 | Create | Villager (Male) |
| 12:35 | Research | Feudal Age |
| 12:36 | Research | Feudal Age |
| 12:49 | Build | Mining Camp |
| 12:50 | Create | Militia |
| 12:50 | Create | Militia |
| 12:59 | Create | Militia |
| 13:12 | Create | Fishing Ship |
| 13:22 | Create | Fishing Ship |
| 13:22 | Create | Fishing Ship |
| 13:45 | Create | Militia |
| 13:45 | Create | Militia |
| 13:49 | Build | House |
| 14:45 | Age | Feudal Age |
| 14:47 | Research | Man-at-Arms (upgrade) |
| 14:53 | Create | Villager (Male) |
| 14:53 | Create | Villager (Male) |
| 15:00 | Build | Blacksmith |
| 15:22 | Create | Villager (Male) |
| 15:31 | Build | Archery Range |
| 15:56 | Build | Mill |
| 16:35 | Research | Castle Age |
| 16:36 | Research | Castle Age |
| 16:43 | Create | Archer |
| 16:43 | Create | Archer |
| 17:01 | Create | Archer |
| 17:01 | Create | Archer |
| 17:06 | Build | House |
| 17:07 | Build | House |
| 17:43 | Create | Archer |
| 18:04 | Create | Villager (Male) |
| 18:06 | Research | Fletching |
| 18:51 | Create | Archer |
| 19:15 | Age | Castle Age |
| 19:19 | Research | Bodkin Arrow |
| 19:34 | Create | Archer |
| 19:34 | Create | Archer |
| 20:22 | Build | Town Center |
| 20:46 | Create | Villager (Male) |
| 20:46 | Create | Villager (Male) |
| 20:51 | Build | Barracks |
| 21:17 | Create | Spearman |
| 21:18 | Create | Spearman |
| 21:20 | Build | Barracks |
| 21:39 | Create | Villager (Male) |
| 21:39 | Create | Villager (Male) |
| 21:42 | Create | Spearman |
| 21:47 | Research | Wheelbarrow |
| 22:06 | Create | Villager (Male) |
| 22:25 | Create | Spearman ×5 |
| 22:25 | Create | Spearman ×5 |
| 23:07 | Create | Villager (Male) |
| 23:07 | Create | Villager (Male) |
| 23:50 | Build | Town Center |
| 24:01 | Create | Villager (Male) |
| 24:17 | Create | Villager (Male) |
| 24:18 | Create | Villager (Male) |
| 24:29 | Create | Villager (Male) |
| 24:29 | Create | Villager (Male) |
| 24:38 | Build | Watch Tower |
| 24:49 | Build | Watch Tower |
| 25:01 | Create | Villager (Male) |
| 25:01 | Create | Villager (Male) |
| 25:41 | Build | House |
| 25:42 | Build | House |
| 25:43 | Build | House |
| 25:52 | Create | Villager (Male) |
| 25:55 | Build | House |
| 25:55 | Build | House |
| 25:56 | Build | House |
| 25:56 | Build | House |
| 26:26 | Build | Lumber Camp |
| 26:42 | Build | Mining Camp |
| 27:08 | Create | Villager (Male) |
| 27:08 | Create | Villager (Male) |
| 27:10 | Create | Villager (Male) |
| 27:11 | Create | Villager (Male) |
| 27:53 | Build | House |
| 27:53 | Build | House |
| 27:58 | Create | Villager (Male) |
| 28:22 | Create | Villager (Male) |
| 28:22 | Create | Villager (Male) |
| 28:23 | Create | Villager (Male) |
| 28:23 | Create | Villager (Male) |
| 28:34 | Build | Town Center |
| 28:50 | Create | Villager (Male) |
| 28:58 | Build | Town Center |
| 29:09 | Build | Castle |
| 29:26 | Create | Villager (Male) |
| 29:26 | Create | Villager (Male) |
| 30:36 | Build | Castle |
| 30:45 | Create | Villager (Male) |
| 30:45 | Create | Villager (Male) |
| 30:51 | Create | Villager (Male) |
| 30:53 | Create | Villager (Male) |
| 30:53 | Create | Villager (Male) |
Build order — Cedax
87 actions detected in the replay
| 0:26 | Build | Town Center |
| 2:25 | Create | Villager (Male) |
| 2:25 | Create | Villager (Male) |
| 2:26 | Create | Villager (Male) |
| 2:26 | Create | Villager (Male) |
| 3:08 | Research | Loom |
| 3:15 | Create | Villager (Male) |
| 3:15 | Create | Villager (Male) |
| 3:15 | Create | Villager (Male) |
| 3:55 | Build | Palisade Wall |
| 4:08 | Create | Villager (Male) |
| 4:28 | Create | Villager (Male) |
| 5:09 | Create | Villager (Male) |
| 5:18 | Build | Palisade Wall |
| 5:48 | Create | Villager (Male) |
| 6:15 | Create | Villager (Male) |
| 6:15 | Create | Villager (Male) |
| 6:15 | Create | Villager (Male) |
| 6:54 | Build | Dock |
| 7:01 | Build | Palisade Wall |
| 7:08 | Create | Villager (Male) |
| 7:09 | Create | Villager (Male) |
| 7:09 | Create | Villager (Male) |
| 7:09 | Create | Villager (Male) |
| 7:44 | Create | Villager (Male) |
| 7:45 | Create | Villager (Male) |
| 7:48 | Create | Fishing Ship |
| 7:48 | Create | Fishing Ship |
| 8:21 | Create | Villager (Male) |
| 8:22 | Create | Villager (Male) |
| 8:40 | Build | Mill |
| 9:08 | Create | Villager (Male) |
| 9:24 | Create | Fishing Ship |
| 10:01 | Create | Villager (Male) |
| 10:14 | Build | Lumber Camp |
| 10:43 | Create | Villager (Male) |
| 11:07 | Research | Feudal Age |
| 11:08 | Research | Feudal Age |
| 11:35 | Build | Mining Camp |
| 13:16 | Create | Villager (Male) |
| 13:17 | Create | Villager (Male) |
| 13:28 | Age | Feudal Age |
| 13:43 | Build | Market |
| 13:43 | Create | Villager (Male) |
| 13:53 | Build | Blacksmith |
| 14:49 | Build | Farm |
| 14:50 | Build | Farm |
| 14:52 | Research | Castle Age |
| 15:10 | Build | Palisade Wall |
| 15:11 | Create | Villager (Male) |
| 15:19 | Build | Farm |
| 15:20 | Create | Villager (Male) |
| 15:48 | Research | Double-Bit Axe |
| 16:23 | Create | Villager (Male) |
| 16:47 | Build | Palisade Wall |
| 16:51 | Build | Palisade Wall |
| 16:54 | Build | Palisade Wall |
| 17:25 | Create | Villager (Male) |
| 17:32 | Age | Castle Age |
| 17:37 | Create | Villager (Male) |
| 18:25 | Create | Villager (Male) |
| 18:28 | Build | Farm |
| 18:36 | Create | Villager (Male) |
| 18:38 | Create | Villager (Male) |
| 18:53 | Create | Villager (Male) |
| 19:14 | Build | Castle |
| 20:11 | Create | Villager (Male) |
| 20:27 | Create | Tarkan |
| 20:28 | Create | Tarkan |
| 20:34 | Build | Lumber Camp |
| 20:39 | Create | Villager (Male) |
| 21:11 | Create | Villager (Male) |
| 21:33 | Create | Villager (Male) |
| 21:35 | Create | Villager (Male) |
| 21:40 | Build | Mining Camp |
| 22:49 | Build | Farm |
| 22:53 | Create | Villager (Male) |
| 23:27 | Create | Villager (Male) |
| 23:58 | Create | Villager (Male) |
| 24:02 | Build | Farm |
| 24:04 | Build | Farm |
| 24:23 | Build | Castle |
| 24:29 | Build | Palisade Gate |
| 24:44 | Build | Palisade Gate |
| 24:48 | Build | Palisade Wall |
| 24:56 | Create | Villager (Male) |
| 25:23 | Create | Villager (Male) |
Match timeline
| 1:21 | 无助小羊 · first_building Dock |
| 1:28 | King of Bants · first_building Dock |
| 1:44 | Chaboi · first_building Dock |
| 2:01 | Rhetta Invicta · first_building Dock |
| 2:55 | mbxmm · first_building Dock |
| 3:55 | Cedax · wall_segment Palisade Wall x1 |
| 5:18 | Cedax · wall_segment Palisade Wall x1 |
| 6:08 | mbxmm · wall_segment Palisade Wall x9 |
| 6:54 | Cedax · first_building Dock |
| 7:01 | Cedax · wall_segment Palisade Wall x1 |
| 7:36 | King of Bants · wall_segment Palisade Wall x1 |
| 8:32 | Chaboi · wall_segment Palisade Wall x1 |
| 8:44 | mbxmm · wall_segment Palisade Wall x5 |
| 10:43 | Chaboi · wall_segment Palisade Wall x10 |
| 11:04 | mbxmm · wall_segment Palisade Wall x1 |
| 11:16 | King of Bants · wall_segment Palisade Wall x1 |
| 11:17 | King of Bants · wall_segment Palisade Wall x1 |
| 11:22 | King of Bants · wall_segment Palisade Wall x1 |
| 11:26 | Rhetta Invicta · age_up feudal |
| 11:57 | King of Bants · first_building Barracks |
| 13:09 | mbxmm · first_building Barracks |
| 13:28 | Cedax · age_up feudal |
| 13:46 | mbxmm · age_up feudal |
| 14:03 | 无助小羊 · age_up feudal |
| 14:14 | Chaboi · age_up feudal |
| 14:45 | King of Bants · age_up feudal |
| 14:58 | 无助小羊 · first_market_buy 100 food |
| 14:59 | 无助小羊 · first_market_sell 100 wood |
| 15:10 | Cedax · wall_segment Palisade Wall x9 |
| 15:23 | mbxmm · first_building Archery Range |
| 15:31 | King of Bants · first_building Archery Range |
| 16:28 | Chaboi · first_market_buy 100 food |
| 16:34 | Chaboi · first_market_sell 100 wood |
| 16:38 | Rhetta Invicta · wall_segment Palisade Wall x7 |
| 16:42 | Rhetta Invicta · wall_segment Palisade Wall x2 |
| 16:47 | Cedax · wall_segment Palisade Wall x1 |
| 16:51 | Cedax · wall_segment Palisade Wall x1 |
| 16:54 | Cedax · wall_segment Palisade Wall x9 |
| 17:14 | Rhetta Invicta · first_building Barracks |
| 17:32 | Cedax · age_up castle |
| 17:55 | 无助小羊 · age_up castle |
| 18:00 | Rhetta Invicta · wall_segment Stone Wall x1 |
| 18:04 | 无助小羊 · first_building Castle |
| 18:04 | Rhetta Invicta · wall_segment Stone Wall x1 |
| 18:07 | Rhetta Invicta · wall_segment Stone Wall x1 |
| 18:08 | Chaboi · wall_segment Palisade Wall x1 |
| 18:16 | 无助小羊 · wall_segment Palisade Wall x1 |
| 18:18 | 无助小羊 · wall_segment Palisade Wall x1 |
| 18:40 | Rhetta Invicta · wall_segment Palisade Wall x1 |
| 19:14 | Cedax · first_building Castle |
| 19:15 | Chaboi · age_up castle |
| 19:15 | King of Bants · age_up castle |
| 19:28 | Chaboi · first_building Castle |
| 19:29 | Rhetta Invicta · age_up castle |
| 19:38 | mbxmm · wall_segment Stone Wall x1 |
| 20:06 | Rhetta Invicta · first_market_buy 100 stone |
| 20:22 | Cedax · first_market_sell 100 wood |
| 20:25 | Cedax · first_market_buy 100 food |
| 20:42 | 无助小羊 · wall_segment Palisade Wall x1 |
| 20:44 | 无助小羊 · wall_segment Palisade Wall x1 |
| 21:38 | Rhetta Invicta · wall_segment Palisade Wall x9 |
| 22:09 | mbxmm · age_up castle |
| 24:48 | Cedax · wall_segment Palisade Wall x1 |
| 25:30 | Cedax · resign |
| 26:46 | 无助小羊 · first_building Barracks |
| 27:23 | 无助小羊 · first_building Stable |
| 27:25 | Chaboi · tribute_sent a jugador 1 |
| 27:25 | Chaboi · tribute_sent a jugador 2 |
| 27:25 | Chaboi · tribute_sent a jugador 3 |
| 27:25 | Chaboi · tribute_sent a jugador 4 |
| 27:25 | Chaboi · tribute_sent a jugador 5 |
| 29:09 | King of Bants · first_building Castle |
| 31:35 | Chaboi · wall_segment Stone Wall x10 |
| 35:17 | Rhetta Invicta · first_building Archery Range |
| 36:38 | mbxmm · first_building Siege Workshop |
| 37:24 | Rhetta Invicta · wall_segment Palisade Wall x7 |
| 37:27 | Rhetta Invicta · wall_segment Palisade Wall x5 |
| 37:30 | 无助小羊 · age_up imperial |
| 38:22 | Chaboi · first_building Barracks |
| 39:16 | King of Bants · age_up imperial |
| 39:25 | Rhetta Invicta · wall_segment Palisade Wall x7 |
| 40:29 | Chaboi · first_building Archery Range |
| 40:40 | mbxmm · first_building Castle |
| 40:51 | Rhetta Invicta · first_building Monastery |
| 41:18 | mbxmm · first_building Monastery |
| 42:43 | Rhetta Invicta · first_building Stable |
| 44:05 | Rhetta Invicta · age_up imperial |
| 45:53 | Chaboi · age_up imperial |
| 47:25 | Rhetta Invicta · first_building Siege Workshop |
| 48:36 | Rhetta Invicta · first_building Castle |
| 49:36 | Rhetta Invicta · first_market_sell 500 food |
| 49:41 | mbxmm · tribute_sent a jugador 1 |
| 49:41 | mbxmm · tribute_sent a jugador 2 |
| 49:41 | mbxmm · tribute_sent a jugador 4 |
| 49:41 | mbxmm · tribute_sent a jugador 5 |
| 49:41 | mbxmm · tribute_sent a jugador 6 |
[ AI ANALYSIS · 1 CREDIT ]
What really happened in this match?
Wolo.gg analyzes every decision: build order, eco, micro, common mistakes by bracket. Personalized analysis on WhatsApp or Discord in 30 seconds.
Civ guide
Italians
Perfil
Jugador #497384